 Dungeon Crawl Stone Soup version bcrawl-1.27.6 (webtiles) character file.

Game seed: 13489140458508517677

320356 Krehm the Cleaver (level 10, -8/65 HPs)
             Began as a Skeleton Monk on Oct 1, 2020.
             Was an Elder of Lugonu.
             Mangled by a titanic slime creature (72 damage)
             ... on level 8 of the Dungeon.
             The game lasted 00:36:09 (7228 turns).

Krehm the Cleaver (Skeleton Monk)                   Turns: 7228, Time: 00:36:10

Health: -8/65      AC: 14    Str: 25    XL:     10   Next: 11%
Magic:  0/12       EV:  9    Int:  8    God:    Lugonu [****..]
Gold:   596        SH:  4    Dex: 11    Spells: 9/9 levels left

rFire    . . .     SeeInvis .   h - +0 war axe
rCold    + . .     Gourm    .   x - +0 buckler
rNeg     + + +     Faith    .   w - +0 chain mail
rPois    ∞         Spirit   +   j - +0 helmet
rElec    +         Reflect  .   m - +0 cloak
rCorr    .         Harm     .   p - +2 pair of gloves {Str+3}
MR       +....                  s - +0 pair of boots
Stlth    ++........             d - amulet of magic regeneration
HPRegen  1.20/turn              g - ring of insulation
MPRegen  0.38/turn              y - +3 ring of slaying (curse)

@: no status effects
A: no food or potions, cold resistance 1, deterioration 1, negative energy
resistance 3, powered by death 1, torment resistance, unbreathing, magic shield,
sturdy frame 2, spell healing
a: Depart the Abyss, Bend Space, Banish, Corrupt, Renounce Religion


You were on level 8 of the Dungeon.
You worshipped Lugonu.
Lugonu was greatly pleased with you.
You were not hungry.

You visited 2 branches of the dungeon, and saw 9 of its levels.

You collected 596 gold pieces.

Inventory:

Hand Weapons
 a - a +0 hand axe
 h - a +0 war axe (weapon)
 q - a +0 whip of electrocution
Missiles
 b - 83 poisoned tomahawks (quivered)
Armour
 j - a +0 helmet (worn)
 m - a +0 cloak (worn)
 p - a +2 pair of gloves of strength (worn)
 s - a +0 pair of boots (worn)
 w - a +0 chain mail (worn)
 x - a +0 buckler (worn)
Jewellery
 d - an amulet of magic regeneration (around neck)
 g - a ring of insulation (left hand)
 n - the ring "Aneoluudu" {+Fly rC+}
   (You found it on level 3 of the Dungeon)

   [ring of flight]

   It protects you from cold.
   It lets you fly.
 o - an uncursed ring of resist corrosion
 y - a cursed +3 ring of slaying (right hand)
Wands
 t - a wand of scattershot (4)
Scrolls
 c - 3 scrolls of teleportation
 e - 4 scrolls of remove curse
 f - 4 scrolls of fear
 i - a scroll of magic mapping
 l - 4 scrolls of fog
 r - a scroll of enchant weapon
 u - 2 scrolls of identify
 v - a scroll of blinking {unknown}


   Skills:
 + Level 8.9 Fighting
 + Level 10.5 Axes
 + Level 1.8 Armour
 - Level 3.0 Dodging
 - Level 9.3 Stealth
 + Level 1.5 Shields
 + Level 3.9 Invocations


You had 9 spell levels left.
You didn't know any spells.
Your spell library contained the following spells:

 Spells                   Type           Power        Failure   Level  Hunger
 Corona                   Hex            #......      96%         1    N/A
 Ensorcelled Hibernation  Hex/Ice        #.....       99%         2    N/A
 Passwall                 Tmut/Erth      #.......     99%         2    N/A
 Swiftness                Chrm/Air       #.......     99%         2    N/A
 Confuse                  Hex            #.......     100%        3    N/A
 Dazzling Orbs            Conj/Hex       #......      100%        3    N/A
 Tukima's Dance           Hex            #.......     100%        3    N/A
 Lee's Rapid Deconstruct  Erth           #.........   100%        5    N/A
 Passage of Golubria      Tloc           N/A          100%        5    N/A
 Darkness                 Hex            #.........   100%        6    N/A
 Invisibility             Hex            #.......     100%        6    N/A

Dungeon Overview and Level Annotations

Branches:
Dungeon (8/12)             Temple (1/1) D:5
   Lair: D:7-9          Orc: D:8-11

Altars:
Ashenzari
Cheibriados
Dithmenos
Elyvilon
Fedhas
Gozag
Hepliaklqana
Kikubaaqudgha
Lugonu
Makhleb
Nemelex Xobeh
Okawaru
Qazlal
Ru
Sif Muna
Trog
Uskayaw
Vehumet
Wu Jian
Xom
Yredelemnul
Zin
The Shining One

Shops:
D:5 }

Annotations:
D:3 Sigmund


Innate Abilities, Weirdness & Mutations

You do not eat or drink.
You are immune to poison.
Your flesh is cold resistant. (rC+)
Your body sometimes deteriorates upon taking damage.
You are immune to negative energy. (rN+++)
You regenerate a little health from kills.
You are immune to unholy pain and torment.
You can survive without breathing.
When hurt, damage is shared between your health and your magic reserves.
Your movements are less encumbered by armour. (ER -4)
Casting spells heals you.


Message History

The shadow imp hits you but does no damage.
Two slime creatures merge to form a titanic slime creature.
You slash the titanic slime creature!
Space bends around the titanic slime creature.
The titanic slime creature is moderately wounded.
You barely miss the shadow imp.
The shadow imp hits you but does no damage.
You slash the titanic slime creature!
Space bends around the titanic slime creature.
The titanic slime creature is moderately wounded.
You hit the shadow imp.
Space bends around the shadow imp.
You block the titanic slime creature's attack.
The shadow imp hits you but does no damage.
You slash the shadow imp!
You kill the shadow imp!
Lugonu accepts your kill.
You completely miss the titanic slime creature.
The titanic slime creature hits you!!!!
Ouch! That really hurt!
You die...

... .####... ####
.......####..##
#......#......#
#......#.....<#
#......#......#
########......#.....##
.......@.######.....##
##....J#....#........#
#.....#....#........#
#.....#....#........#
#.....#....'........#
#.....###############
######


You could see a titanic slime creature.

Vanquished Creatures
  Pikel (D:3)
  Grinder (D:4)
  A wyvern (D:6)
  2 hungry ghosts
  Eustachio (D:5)
  Edmund (D:4)
  A crocodile (D:6)
  A water moccasin (D:6)
  2 slaves (D:3)
  2 sky beasts (D:4)
  A black bear (D:5)
  2 necrophages (D:5)
  4 ogres
  4 centaurs
  A big kobold (D:7)
  A scorpion (D:7)
  3 killer bees (D:7)
  4 wights (D:7)
  3 crimson imps
  2 howler monkeys (D:4)
  A centaur zombie (D:6)
  A hound (D:4)
  A gnoll shaman (D:6)
  5 orc priests
  2 jellies
  A centaur skeleton (D:7)
  2 iguanas
  8 orc wizards
  2 worker ants (D:4)
  3 hound skeletons
  A hound zombie (D:5)
  A worker ant zombie (D:4)
  11 gnolls
  8 adders
  A howler monkey skeleton (D:4)
  4 shadow imps
  An ooze (D:4)
  2 adder skeletons
  6 worms
  2 dart slugs
  A leopard gecko (D:4)
  31 orcs
  7 giant cockroaches
  6 goblins
  11 hobgoblins
  7 jackals (D:2)
  5 quokkas
  A ball python (D:5)
  7 bats
  8 frilled lizards
  A jackal skeleton (D:4)
  18 kobolds
  4 rats
208 creatures vanquished.

Notes
Turn   | Place    | Note
-------+----------+-------------------------------------------
     0 | D:1      | Krehm the Skeleton Monk began the quest for the Orb.
     0 | D:1      | Reached XP level 1. HP: 14/14 MP: 2/2
   270 | D:1      | Reached skill level 4 in Axes
   302 | D:1      | Reached XP level 2. HP: 18/19 MP: 1/3
   814 | D:2      | Reached XP level 3. HP: 17/23 MP: 4/4
  1191 | D:2      | Found a faded altar of an unknown god.
  1668 | D:2      | Reached XP level 4. HP: 26/29 MP: 5/5
  1843 | D:3      | Reached skill level 5 in Axes
  1946 | D:3      | Got a brightly glowing turquoise ring
  2182 | D:2      | Identified the ring "Aneoluudu" {+Fly rC+} (You found it on
                  | level 3 of the Dungeon)
  2635 | D:3      | Noticed Sigmund
  2883 | D:3      | Reached XP level 5. HP: 12/34 MP: 3/6
  3213 | D:4      | Noticed a sky beast
  3225 | D:4      | Killed a sky beast
  3225 | D:4      | Reached skill level 6 in Axes
  3225 | D:4      | Gained mutation: You regenerate a little health from kills.
                  | [Skeleton growth]
  3225 | D:4      | Reached XP level 6. HP: 28/40 MP: 7/7
  3294 | D:4      | Reached skill level 5 in Fighting
  3336 | D:4      | Noticed a slave
  3519 | D:4      | Noticed a sky beast
  3536 | D:4      | Killed a sky beast
  3536 | D:4      | Reached XP level 7. HP: 44/44 MP: 8/8
  3576 | D:4      | Reached skill level 5 in Stealth
  3586 | D:4      | Noticed Edmund
  3610 | D:4      | Killed Edmund
  3610 | D:4      | Reached skill level 7 in Axes
  3669 | D:4      | Noticed Grinder
  3718 | D:4      | Killed Grinder
  3934 | D:4      | Found a burning altar of Makhleb.
  4026 | D:4      | Reached XP level 8. HP: 49/52 MP: 9/9
  4033 | D:4      | Noticed Pikel
  4187 | D:3      | Killed Pikel
  4187 | D:3      | Reached skill level 8 in Axes
  4448 | D:5      | Entered Level 5 of the Dungeon
  4500 | D:5      | Found a staircase to the Ecumenical Temple.
  4515 | Temple   | Entered the Ecumenical Temple
  4690 | Temple   | Became a worshipper of Lugonu the Unformed
  4690 | Temple   | Reached ** piety under Lugonu
  4812 | D:5      | Noticed Eustachio
  4813 | D:5      | Found Zofas's Gadget Shop.
  4818 | D:5      | Reached *** piety under Lugonu
  4853 | D:5      | Killed Eustachio
  4853 | D:5      | Reached skill level 9 in Axes
  4986 | D:5      | Reached XP level 9. HP: 16/58 MP: 7/10
  6276 | D:6      | Reached skill level 10 in Axes
  6336 | D:6      | Reached **** piety under Lugonu
  6428 | D:6      | Found an ancient bone altar of Kikubaaqudgha.
  6434 | D:6      | Received a gift from Lugonu
  6814 | D:7      | Found a sacrificial altar of Ru.
  6854 | D:7      | Reached skill level 1 in Armour
  6949 | D:7      | Gained mutation: Your movements are less encumbered by
                  | armour. (ER -4) [Skeleton growth]
  6949 | D:7      | Reached XP level 10. HP: 61/65 MP: 12/12
  6959 | D:7      | Reached skill level 1 in Shields
  7228 | D:8      | Mangled by a titanic slime creature

Skill      XL: |  1  2  3  4  5  6  7  8  9 10 |
---------------+-------------------------------+-----
Axes           | 4 5 6 7 9 10 | 10.5
Fighting       | 4 5 6 7 8 |  8.9
Stealth        | 3 4 6 8 9 |  9.3
Invocations    | 3 |  3.9
Armour         | 1 |  1.8
Shields        | 1 |  1.5
Dodging        | |  3.0

Action                   |  1- 3 |  4- 6 |  7- 9 | 10-12 || total
-------------------------+-------+-------+-------+-------++-------
Melee: Hand axe          |   197 |   228 |   139 |       ||   564
       Whip              |       |       |   273 |       ||   273
       War axe           |       |       |    36 |    24 ||    60
Throw: Tomahawk          |       |    16 |    66 |       ||    82
  Use: Scroll            |     1 |     3 |     4 |     1 ||     9
 Stab: Sleeping          |     1 |       |     5 |       ||     6
       Distracted        |       |       |     2 |       ||     2
Armor: Robe              |    58 |     8 |       |       ||    66
       Ring mail         |       |    59 |   112 |       ||   171
       Chain mail        |       |       |    41 |    22 ||    63
Dodge: Dodged            |   129 |   131 |   227 |    12 ||   499
Block: Buckler           |       |       |     1 |     7 ||     8
